cohdb
Replays
Latest Replays
All Replays
Popular Replays
Top Player Replays
Match Explorer
How It Works
Community
CoH3 Stats
Reddit
Sign in to upload your games and track your stats! →
Sign in with Steam
Match 45198351
Unlisted
Match 45198351
Overview
Messages
Build Orders
End
Pioneer Squad
Construct Infanterie Kompanie
Selects Terror Battlegroup
Selects Heavy Gunnery
Grenadier Squad
Grenadier Squad
MG 42 Machine Gun Team
Construct Panzergrenadier Kompanie
251 Medium Carrier
Panzergrenadier Squad
Pioneer Squad
Panzergrenadier Officer Quarters
Support Elements
Pioneer Squad
StuG III G Assault Gun
Nebelwerfer 42 Rocket Launcher Team
Selects No Quarter
StuG III G Assault Gun
Pioneer Squad
StuG III G Assault Gun
Pak 40 Anti-tank Gun Team
Pioneer Squad
Construct Luftwaffe Kompanie
StuG III G Assault Gun
Selects King Tiger Heavy Tank
King Tiger Heavy Tank
Jäger Squad
StuG III G Assault Gun
Selects Contempt for the Weak
Selects Jericho Trumpet
Panzergrenadier Squad
Pioneer Squad
Infanterie Officer Quarters
Side Skirts
Selects V1 Rocket Strike
Pak 40 Anti-tank Gun Team
Jericho Trumpet
King Tiger Heavy Tank
V1 Rocket Strike
StuG III G Assault Gun
Marder III M Tank Destroyer
msw.*****
CommieKillerz
古明地•恋
Starbuckshunter
WilllTHENOOBz
Bismarck
Dumpster Bob
Idiotic Pig
0
0
Comments
sign in to comment!
No comments posted yet!